NCAA
SAINT JOHN'S RED STORM @ SETON HALL PIRATES
05/20/2023
 
TOP OF THE 1ST
Saint John's Red Storm batting - Pitching for Seton Hall Pirates : RHP Walter Ramsey
Pitching: RHP Walter Ramsey
Batting: RHB Joe Smith 0-0: SINGLE (Line Drive, 34D)
Batting: RHB Bob Mueller 0-0: Called Strike
0-1: Ball
1-1: SINGLE (Flyball, 34D)
Joe Smith to second
Runner from 2nd tries for 3rd, SAFE, throw made to third
Batting: LHB Chris Austin 0-0: Called Strike
0-1: Called Strike
0-2: Foul Ball, location: 2F
0-2: Ball
1-2: Strikes out swinging
Batting: LHB Ken Phillips 0-0: Ball
1-0: Ball
2-0: Fly out, F8 (Flyball, 8RD)
Runner from 3rd tags up, SCORES, no throw
Batting: LHB António Velásquez 0-0: Foul Ball, location: 2F
0-1: Ball
1-1: Reached on error, E4 (Groundball, 34)
Bob Mueller to second
Batting: LHB David Lee 0-0: Ball
1-0: Foul Ball, location: 2F
1-1: Ball
2-1: Called Strike
2-2: SINGLE (Line Drive, 89S)
Bob Mueller to third
António Velásquez to second
Batting: RHB Dana Worley 0-0: Ball
1-0: Foul Ball, location: 2F
1-1: Foul Ball, location: 2F
1-2: Strikes out swinging
Top of the 1st over - 1 run(s), 3 hit(s), 1 error(s), 3 left on base; Saint John's 1 - Seton Hall 0
BOTTOM OF THE 1ST
Seton Hall Pirates batting - Pitching for Saint John's Red Storm : RHP Albert Fisher
Pitching: RHP Albert Fisher
Batting: RHB Kurt Hart 0-0: Ball
1-0: Ground out 1-3 (Groundball, 15)
Batting: RHB Herb Newman 0-0: Ball
1-0: Ground out 6-3 (Groundball, 56)
Batting: RHB Carlos Guevara 0-0: Ball
1-0: Ball
2-0: Foul Ball, location: 2F
2-1: Called Strike
2-2: Foul Ball, location: 2F
2-2: Ball
3-2: Strikes out swinging
Bottom of the 1st over - 0 run(s), 0 hit(s), 0 error(s), 0 left on base; Saint John's 1 - Seton Hall 0
TOP OF THE 2ND
Saint John's Red Storm batting - Pitching for Seton Hall Pirates : RHP Walter Ramsey
Batting: RHB Duane Grounds 0-0: Ball
1-0: Called Strike
1-1: Ball
2-1: Foul Ball, location: 2F
2-2: SINGLE (Flyball, 78S)
Batting: RHB Ed Merritt 0-0: Fly out, F7 (Line Drive, 7S)
Batting: RHB Joe Smith 0-0: Fly out, F9 (Flyball, 9S)
Batting: RHB Bob Mueller 0-0: Ball
1-0: Ball
2-0: Ball
3-0: Base on Balls
Duane Grounds to second
Batting: LHB Chris Austin 0-0: Ball
1-0: Swinging Strike
1-1: SINGLE (Groundball, 56D)
Duane Grounds to third
Bob Mueller to second
Runner from 3rd tries for Home, SAFE, no throw or cutoff
Batting: LHB Ken Phillips 0-0: Fly out, F8 (Line Drive, 8RM)
Top of the 2nd over - 1 run(s), 2 hit(s), 0 error(s), 2 left on base; Saint John's 2 - Seton Hall 0
BOTTOM OF THE 2ND
Seton Hall Pirates batting - Pitching for Saint John's Red Storm : RHP Albert Fisher
Batting: SHB Bob Jordan 0-0: Ball
1-0: Ball
2-0: Ball
3-0: Base on Balls
Batting: RHB Juan Hinojosa Pickoff Throw to First - Out!
0-0: Ball
1-0: Called Strike
1-1: Ground out 4-3 (Groundball, 4)
Batting: RHB Dave Barrett 0-0: Ball
1-0: Swinging Strike
1-1: Ball
2-1: Ball
3-1: Base on Balls
Batting: RHB Michael White 0-0: Called Strike
0-1: Called Strike
0-2: SINGLE (Groundball, 6MD)
Dave Barrett to second
Batting: RHB Jerry Ward 0-0: Called Strike
0-1: Foul Ball, location: 2F
0-2: Ball
Passed Ball!
Dave Barrett to third
Michael White to second
1-2: Strikes out looking
Bottom of the 2nd over - 0 run(s), 1 hit(s), 0 error(s), 2 left on base; Saint John's 2 - Seton Hall 0
TOP OF THE 3RD
Saint John's Red Storm batting - Pitching for Seton Hall Pirates : RHP Walter Ramsey
Batting: LHB António Velásquez 0-0: Called Strike
0-1: Ball
1-1: Swinging Strike
1-2: Ball
2-2: Ball
3-2: Strikes out looking
Batting: LHB David Lee 0-0: Ball
1-0: Ball
2-0: Foul Ball, location: 2F
2-1: Called Strike
2-2: Ground out 6-3 (Groundball, 6)
Batting: RHB Dana Worley 0-0: Ball
1-0: Ball
2-0: Fly out, F9 (Flyball, 9M)
Top of the 3rd over - 0 run(s), 0 hit(s), 0 error(s), 0 left on base; Saint John's 2 - Seton Hall 0
BOTTOM OF THE 3RD
Seton Hall Pirates batting - Pitching for Saint John's Red Storm : RHP Albert Fisher
Batting: SHB Michael Miller 0-0: Ball
1-0: Called Strike
1-1: Foul Ball, location: 2F
1-2: Foul Ball, location: 2F
1-2: Fly out, F8 (Flyball, 78M)
Batting: RHB Kurt Hart 0-0: Called Strike
0-1: Foul Ball, location: 2F
0-2: Ball
1-2: Ground out 4-3 (Groundball, 4M)
Batting: RHB Herb Newman 0-0: Foul Ball, location: 2F
0-1: Ball
1-1: Called Strike
1-2: Ball
2-2: Ground out 5-3 (Groundball, 5S)
Bottom of the 3rd over - 0 run(s), 0 hit(s), 0 error(s), 0 left on base; Saint John's 2 - Seton Hall 0
TOP OF THE 4TH
Saint John's Red Storm batting - Pitching for Seton Hall Pirates : RHP Walter Ramsey
Batting: RHB Duane Grounds 0-0: Foul Ball, location: 2F
0-1: Ball
1-1: Called Strike
1-2: Foul Ball, location: 2F
1-2: Strikes out looking
Batting: RHB Ed Merritt 0-0: Ball
1-0: Ball
2-0: Called Strike
2-1: Fly out, F3 (Popup, 13S)
Batting: RHB Joe Smith 0-0: Ball
1-0: Called Strike
1-1: Fly out, F8 (Flyball, 89S)
Top of the 4th over - 0 run(s), 0 hit(s), 0 error(s), 0 left on base; Saint John's 2 - Seton Hall 0
BOTTOM OF THE 4TH
Seton Hall Pirates batting - Pitching for Saint John's Red Storm : RHP Albert Fisher
Batting: RHB Carlos Guevara 0-0: Called Strike
0-1: Reached on error, E6 (Groundball, 6)
Batting: SHB Bob Jordan 0-0: Swinging Strike
0-1: Fly out, F6 (Popup, 6)
Batting: RHB Juan Hinojosa 0-0: Called Strike
0-1: SINGLE (Groundball, 56S)
Carlos Guevara to third
Runner from 3rd tries for Home, SAFE, no throw or cutoff
Batting: RHB Dave Barrett 0-0: Called Strike
0-1: Ball
1-1: Ball
Juan Hinojosa is caught stealing 2nd base
2-1: Ball
3-1: Ground out 4-3 (Groundball, 34)
Bottom of the 4th over - 1 run(s), 1 hit(s), 1 error(s), 0 left on base; Saint John's 2 - Seton Hall 1
TOP OF THE 5TH
Saint John's Red Storm batting - Pitching for Seton Hall Pirates : RHP Walter Ramsey
Batting: RHB Bob Mueller 0-0: Ball
1-0: Fly out, F8 (Flyball, 8RM)
Batting: LHB Chris Austin 0-0: Ball
1-0: Ball
2-0: Ground out 1-3 (Groundball, 15)
Batting: LHB Ken Phillips 0-0: Called Strike
0-1: Ground out 4-3 (Groundball, 34)
Top of the 5th over - 0 run(s), 0 hit(s), 0 error(s), 0 left on base; Saint John's 2 - Seton Hall 1
BOTTOM OF THE 5TH
Seton Hall Pirates batting - Pitching for Saint John's Red Storm : RHP Albert Fisher
Batting: RHB Michael White 0-0: Ball
1-0: Foul Ball, location: 2F
1-1: Foul Ball, location: 2F
1-2: Ball
2-2: Ground out 4-3 (Groundball, 4)
Batting: RHB Jerry Ward 0-0: Called Strike
0-1: Swinging Strike
0-2: Ball
1-2: Strikes out swinging
Batting: SHB Michael Miller 0-0: Foul Ball, location: 2F
0-1: Fly out, F4 (Line Drive, 4)
Bottom of the 5th over - 0 run(s), 0 hit(s), 0 error(s), 0 left on base; Saint John's 2 - Seton Hall 1
TOP OF THE 6TH
Saint John's Red Storm batting - Pitching for Seton Hall Pirates : RHP Walter Ramsey
Batting: LHB António Velásquez 0-0: SINGLE (Groundball, 34)
Batting: LHB David Lee 0-0: Fly out, F7 (Flyball, 78M)
Batting: RHB Dana Worley 0-0: SINGLE (Groundball, 56D) (infield hit)
António Velásquez to second
Batting: RHB Duane Grounds 0-0: Ball
1-0: Called Strike
1-1: Ball
2-1: Ball
3-1: Foul Ball, location: 2F
3-2: Base on Balls
António Velásquez to third
Dana Worley to second
Pitching: RHP Johnny Monroe
Batting: RHB Ed Merritt 0-0: Fly out, F8 (Flyball, 89M)
Batting: RHB Joe Smith 0-0: Ball
1-0: Ball
2-0: Called Strike
2-1: Ball
3-1: Base on Balls
António Velásquez scores
Dana Worley to third
Duane Grounds to second
Batting: RHB Bob Mueller 0-0: Ball
1-0: Fly out, F9 (Flyball, 9M)
Top of the 6th over - 1 run(s), 2 hit(s), 0 error(s), 3 left on base; Saint John's 3 - Seton Hall 1
BOTTOM OF THE 6TH
Seton Hall Pirates batting - Pitching for Saint John's Red Storm : RHP Albert Fisher
Batting: RHB Kurt Hart 0-0: Called Strike
0-1: Called Strike
0-2: Ball
1-2: SINGLE (Line Drive, 5)
Batting: RHB Herb Newman 0-0: Swinging Strike
0-1: Ball
1-1: Swinging Strike
1-2: Ball
2-2: Hit by Pitch
Kurt Hart to second
Batting: RHB Carlos Guevara 0-0: Called Strike
0-1: Called Strike
0-2: Strikes out looking
Batting: SHB Bob Jordan 0-0: Ball
1-0: Swinging Strike
1-1: Ball
2-1: Foul Ball, location: 2F
2-2: Ball
3-2: Fly out, F5 (Popup, 7LSF)
Pitching: RHP Don Corona
Batting: RHB Juan Hinojosa 0-0: Ball
1-0: Ball
2-0: Called Strike
2-1: Ball
3-1: Called Strike
3-2: Base on Balls
Kurt Hart to third
Herb Newman to second
Batting: RHB Dave Barrett 0-0: Called Strike
0-1: Swinging Strike
0-2: Foul Ball, location: 2F
0-2: Fielders Choice at 2nd, U4 (Groundball, 4M)
Bottom of the 6th over - 0 run(s), 1 hit(s), 0 error(s), 3 left on base; Saint John's 3 - Seton Hall 1
TOP OF THE 7TH
Saint John's Red Storm batting - Pitching for Seton Hall Pirates : RHP Johnny Monroe
Batting: LHB Chris Austin 0-0: Called Strike
0-1: Ground out 5-3 (Groundball, 56)
Batting: LHB Ken Phillips 0-0: SINGLE (Line Drive, 8RS)
Batting: LHB António Velásquez 0-0: Ball
1-0: Called Strike
1-1: Foul Ball, location: 2F
1-2: Ball
2-2: Ball
3-2: Strikes out swinging
Batting: LHB David Lee 0-0: Ball
1-0: Ball
2-0: Ball
3-0: Called Strike
3-1: Foul Ball, location: 2F
3-2: Base on Balls
Ken Phillips to second
Batting: RHB Dana Worley 0-0: Ball
1-0: Ball
2-0: Foul Ball, location: 2F
2-1: Ball
3-1: Base on Balls
Ken Phillips to third
David Lee to second
Batting: RHB Duane Grounds 0-0: Called Strike
0-1: Swinging Strike
0-2: Foul Ball, location: 2F
0-2: Fly out, F4 (Popup, 34D)
Top of the 7th over - 0 run(s), 1 hit(s), 0 error(s), 3 left on base; Saint John's 3 - Seton Hall 1
BOTTOM OF THE 7TH
Seton Hall Pirates batting - Pitching for Saint John's Red Storm : RHP Don Corona
Batting: RHB Michael White 0-0: Ball
1-0: Ball
2-0: Fly out, F6 (Popup, 6S)
Batting: RHB Jerry Ward 0-0: Ball
1-0: Ball
2-0: Ball
3-0: Base on Balls
Batting: SHB Michael Miller 0-0: Fly out, F6 (Popup, 6MD)
Batting: RHB Kurt Hart 0-0: Called Strike
0-1: Ball
1-1: Foul Ball, location: 2F
1-2: Ball
2-2: Ball
3-2: Fly out, F8 (Flyball, 8LM)
Bottom of the 7th over - 0 run(s), 0 hit(s), 0 error(s), 1 left on base; Saint John's 3 - Seton Hall 1
TOP OF THE 8TH
Saint John's Red Storm batting - Pitching for Seton Hall Pirates : RHP Johnny Monroe
Pitching: RHP Francisco Villanueva
Batting: RHB Ed Merritt 0-0: Called Strike
0-1: Ball
1-1: Fly out, F9 (Flyball, 9S)
Batting: RHB Joe Smith 0-0: SINGLE (Groundball, 15) (infield hit)
Batting: RHB Bob Mueller 0-0: Ball
1-0: Called Strike
1-1: Ball
2-1: Ball
Throwing error on steal attempt, E2
Joe Smith to third
3-1: 2-RUN HOME RUN (Flyball, 78XD), Distance : 372 ft
Batting: LHB Chris Austin 0-0: SINGLE (Flyball, 78S)
Batting: LHB Ken Phillips 0-0: Called Strike
0-1: Ball
1-1: Foul Ball, location: 2F
1-2: Fly out, F8 (Flyball, 8RM)
Batting: LHB António Velásquez 0-0: Ball
1-0: Called Strike
1-1: Ball
2-1: SINGLE (Groundball, 34D)
Chris Austin to second
Runner from 2nd tries for 3rd, SAFE, throw made to third
Batting: LHB David Lee 0-0: Called Strike
0-1: Foul Ball, location: 2F
0-2: Ball
1-2: Strikes out swinging
Top of the 8th over - 2 run(s), 4 hit(s), 1 error(s), 2 left on base; Saint John's 5 - Seton Hall 1
BOTTOM OF THE 8TH
Seton Hall Pirates batting - Pitching for Saint John's Red Storm : RHP Don Corona
Batting: RHB Herb Newman 0-0: Fly out, F9 (Flyball, 9M)
Batting: RHB Carlos Guevara 0-0: Called Strike
0-1: DOUBLE (Line Drive, 89M)
Batting: SHB Bob Jordan 0-0: Ball
1-0: Foul Ball, location: 2F
1-1: SINGLE (Line Drive, 34D)
Carlos Guevara to third
Pitching: RHP Dan Snyder
Batting: RHB Juan Hinojosa 0-0: Fly out, F8 (Flyball, 8RM)
Runner from 3rd tags up, SCORES, no throw
Batting: RHB Dave Barrett 0-0: Ground out 4-3 (Groundball, 4)
Bottom of the 8th over - 1 run(s), 2 hit(s), 0 error(s), 1 left on base; Saint John's 5 - Seton Hall 2
TOP OF THE 9TH
Saint John's Red Storm batting - Pitching for Seton Hall Pirates : RHP Francisco Villanueva
Pitching: RHP Britt Hall
Batting: RHB Dana Worley 0-0: Foul Ball, location: 2F
0-1: Ball
1-1: Ball
2-1: Swinging Strike
2-2: Ball
3-2: Strikes out swinging
Batting: RHB Duane Grounds 0-0: SINGLE (Groundball, 6MD)
Batting: RHB Ed Merritt 0-0: Ball
1-0: Ball
2-0: Foul Ball, location: 2F
2-1: Called Strike
2-2: Ball
3-2: Base on Balls
Duane Grounds to second
Batting: RHB Joe Smith 0-0: Ball
1-0: Ball
2-0: Ball
3-0: Called Strike
3-1: Foul Ball, location: 2F
3-2: Strikes out swinging
Batting: RHB Bob Mueller 0-0: Swinging Strike
0-1: Ball
1-1: Swinging Strike
1-2: Foul Ball, location: 2F
1-2: Ball
2-2: Strikes out swinging
Top of the 9th over - 0 run(s), 1 hit(s), 0 error(s), 2 left on base; Saint John's 5 - Seton Hall 2
BOTTOM OF THE 9TH
Seton Hall Pirates batting - Pitching for Saint John's Red Storm : RHP Dan Snyder
Pitching: RHP Carl Brooks
Now at C: Jack Kavanaugh
Now at 1B: John Prowse Jr.
Batting: RHB Michael White 0-0: Fly out, F8 (Line Drive, 8RM)
Batting: RHB Jerry Ward 0-0: Called Strike
0-1: Ball
1-1: Foul Ball, location: 2F
1-2: Foul Ball, location: 2F
1-2: Foul Ball, location: 2F
1-2: Strikes out swinging
Batting: SHB Michael Miller 0-0: Foul Ball, location: 2F
0-1: Ground out 4-3 (Groundball, 4S)
Bottom of the 9th over - 0 run(s), 0 hit(s), 0 error(s), 0 left on base; Saint John's 5 - Seton Hall 2
This league is powered by Out of the Park Baseball, the baseball management simulation game for PC, Mac and Linux
Wednesday, December 2nd, 2015 - OOTP Baseball 16.8 Build 38